 Dungeon Crawl Stone Soup version 0.27-a0-1525-g1038ab4fd7 (webtiles) character file.

Game seed: 10361662144235883885

758 dickylongcocking the Skirmisher (level 8, 0/55 HPs)
             Began as a Djinni Hedge Wizard on July 10, 2021.
             Was a Follower of Hepliaklqana.
             Slain by a necrophage (5 damage)
             ... on level 5 of the Dungeon.
             The game lasted 00:09:08 (7209 turns).

dickylongcocking the Skirmisher (DjWz)              Turns: 7209, Time: 00:09:09

Health: 0/55       AC:  3    Str:  9    XL:     8   Next: 7%
Gold:   113        EV: 11    Int: 18    God:    Hepliaklqana [*.....] SH:  5 Dex: 13

rFire    + + .     SeeInvis .   j - staff of conjuration
rCold    x . .     Faith    .   (no shield)
rNeg     . . .     Spirit   .   n - +0 leather armour
rPois    ∞         Reflect  +   c - +0 hat
rElec    .         Harm     .   (no cloak)
rCorr    .         Rampage  .   (no gloves)
Will     .....                  (boots unavailable)
Stlth    ++........             d - amulet of reflection
HPRegen  0.18/turn              (no ring)
MPRegen  0.00/turn              (no ring)

@: brilliant, flying, very slightly contaminated
A: reduced essence, sickness immunity, fire resistance 2, cold vulnerability 1,
float, innate caster, hp casting, extra vitality 1
a: Renounce Religion, Recall Ancestor, Ancestor Identity


You were on level 5 of the Dungeon.
You worshipped Hepliaklqana.
Hepliaklqana was aware of your devotion.
You visited 1 branch of the dungeon, and saw 5 of its levels.

You collected 163 gold pieces.
You spent 50 gold pieces at shops.

Inventory:

Hand Weapons
 a - a +0 dagger
Missiles
 h - 14 curare-tipped darts
Armour
 b - a +0 robe
 c - a +0 hat (worn)
 n - a +0 leather armour (worn)
Magical Staves
 j - a staff of conjuration (weapon)
Jewellery
 d - an amulet of reflection (around neck)
Wands
 m - a wand of mindburst (16)
Potions
 e - a potion of cancellation


   Skills:
 * Level 6.4 Fighting
 * Level 3.6 Armour
 - Level 2.1 Dodging
 - Level 1.5 Stealth
 * Level 3.5 Spellcasting


You couldn't memorise any spells.
You knew the following spells:

 Your Spells              Type           Power      Damage    Failure   Level
a - Magic Dart            Conj           100%       1d8       4%          1
b - Blink                 Tloc           N/A        N/A       8%          2
c - Call Imp              Summ           23%        N/A       8%          2
d - Slow                  Hex            23%        N/A       8%          2
e - Conjure Flame         Conj/Fire      35%        6-21      14%         3
g - Pain                  Necr           92%        1d8       4%          1
h - Ensorcelled Hibernat  Hex/Ice        46%        N/A       8%          2
i - Corpse Rot            Necr/Air       N/A        N/A       8%          2
x - Mephitic Cloud        Conj/Pois/Air  35%        N/A       14%         3
Your spell library was empty.

Dungeon Overview and Level Annotations

Branches:
Dungeon (5/15)
 Temple: D:4-7

Altars:
Hepliaklqana
Sif Muna
Vehumet

Shops:
D:5 !

Annotations:
D:4 exclusion: statue


Innate Abilities, Weirdness & Mutations

Your life essence is reduced to manifest your ancestor. (-10% HP)
You are immune to sickness and miasma.
You are immune to poison.
Your flesh is very heat resistant. (rF++)
You are vulnerable to cold. (rC-)
You float through the air rather than walking.
You learn spells naturally, not from books.
Your magical power is your life essence.
You have superior vitality. (+4 HP)


Message History

Unknown command.
Okay, then.
You aren't carrying any scrolls.
Unknown command.
It was a potion of brilliance.
You feel clever all of a sudden. The necrophage barely misses you.
You see here a ring of willpower.
Okay, then.
Okay, then.
You aren't carrying any scrolls.
Unknown command.
Casting: Mephitic Cloud (dangerous; 14% risk of failure)
Confirm with . or Enter, or press ? or * to list all spells.
You can't see any susceptible monsters within range! (Use Z to cast anyway.) Unknown command.
Casting: Mephitic Cloud (dangerous; 14% risk of failure)
Confirm with . or Enter, or press ? or * to list all spells.
Okay, then.
Casting: Mephitic Cloud (dangerous; 14% risk of failure)
Confirm with . or Enter, or press ? or * to list all spells.
Aiming: Mephitic Cloud (dangerous; 14% risk of failure)
Press: ? - help, Shift-Dir - straight line, f - necrophage
Aim: a necrophage (heavily damaged, not susceptible)
You feel a strong surge of power!
You miscast Mephitic Cloud.
Nothing appears to happen.
* * * LOW HITPOINT WARNING * * *
The necrophage hits you but does no damage.
Unknown command.
Unknown command.
Unknown command.
Unknown command.
The centaur shoots an arrow.
You reflect the arrow off an invisible shield around you!
The arrow closely misses the centaur.
The centaur shoots an arrow.
The arrow completely misses you.
Unknown command.
There is a stone staircase leading up here.
The necrophage hits you.
You die...

##.#..##.## ..#
##.##.....#####.#
#..######....##.# ..#
#.....#.## .##
####.....### #####
##......#
.=..########.≈..#..#
###.........≈≈.c...##
##########≈♣Pn@...##
#≈≈.###...######
#...# #...÷.<..#
##### #...÷...[#
#........# #........#
#...[....# ##########


You could see a necrophage and a centaur.

Vanquished Creatures
  An orc warrior (D:4)
  A centaur (D:4)
  A kobold brigand (D:5)
  A bullfrog (D:4)
  2 hounds
  2 orc priests (D:4)
  An orc wizard (D:4)
  4 gnolls (D:4)
  An adder (D:4)
  A worm (D:4)
  A dart slug (D:4)
  2 orcs (D:4)
  2 endoplasms (D:3)
  2 giant cockroaches
  5 goblins
  3 hobgoblins
  6 jackals
  A quokka (D:2)
  3 ball pythons
  2 bats
  2 frilled lizards
  7 kobolds
  3 rats
54 creatures vanquished.

Vanquished Creatures (collateral kills)
  A centaur zombie (D:5)
  An orc priest (D:4)
  A hound (D:4)
  5 orc wizards
  Ijyb (D:3)
  A hound skeleton (D:4)
  A gnoll (D:4)
  2 adders
  2 worms
  8 orcs
  2 giant cockroaches
  2 hobgoblins
  4 quokkas
  A ball python (D:3)
  A kobold (D:5)
33 creatures vanquished.

Vanquished Creatures (others)
  8 ancestors
  2 plants (D:5)
10 creatures vanquished.

Grand Total: 97 creatures vanquished

Notes
Turn   | Place    | Note
-------+----------+-------------------------------------------
     0 | D:1      | dickylongcocking the Djinni Hedge Wizard began the quest
                  | for the Orb.
     0 | D:1      | Reached XP level 1. HP: 15/15 MP: 0/0
   268 | D:1      | Found a faded altar of an unknown god.
   375 | D:1      | Reached skill level 1 in Fighting
   552 | D:1      | Reached XP level 2. HP: 17/22 MP: 0/0
  1067 | D:2      | Reached skill level 2 in Fighting
  1319 | D:2      | Found a hazy altar of Hepliaklqana.
  1340 | D:2      | Became a worshipper of Hepliaklqana the Forgotten
  1793 | D:2      | Reached XP level 3. HP: 21/29 MP: 0/0
  1793 | D:2      | Learned a level 1 spell: Pain
  2830 | D:3      | Reached skill level 3 in Fighting
  3370 | D:3      | Reached * piety under Hepliaklqana
  3390 | D:3      | Noticed Ijyb
  3410 | D:3      | Killed Ijyb
  3411 | D:3      | Reached XP level 4. HP: 16/31 MP: 0/0
  4540 | D:4      | Reached skill level 4 in Fighting
  4540 | D:4      | Reached XP level 5. HP: 24/36 MP: 0/0
  4540 | D:4      | Learned a level 2 spell: Ensorcelled Hibernation
  4567 | D:4      | Identified a scroll of acquirement
  4567 | D:4      | Acquired a staff of conjuration
  4577 | D:4      | Noticed a frost-covered statue
  4989 | D:4      | Reached skill level 5 in Fighting
  5054 | D:4      | Reached XP level 6. HP: 3/44 MP: 0/0
  5360 | D:4      | Reached skill level 1 in Armour
  6047 | D:4      | Reached XP level 7. HP: 8/49 MP: 0/0
  6047 | D:4      | Learned a level 2 spell: Corpse Rot
  6338 | D:4      | Reached skill level 6 in Fighting
  6920 | D:5      | Entered Level 5 of the Dungeon
  7095 | D:5      | Found Epastu's Distillery.
  7103 | D:5      | Bought a potion of heal wounds for 50 gold pieces
  7179 | D:5      | Reached XP level 8. HP: 23/55 MP: 0/0
  7185 | D:5      | HP: 2/55 [centaur/arrow (16)]
  7209 | D:5      | Slain by a necrophage

Illustrated notes

Levels and vault maps discovered:
D:1:      dpeg_arrival_three_same_balls, layout_basic, basic_ecumenical_altar
D:2:      layout_loops_ring, basic_altar
D:3:      layout_loops_cross, uniq_ijyb
D:4:      layout_loops_cross, vehumet_statue, nicolae_sif_muna_little_library,
          kennysheep_big_empty_room, cheibrodos_gnoll_hut
D:5:      layout_rooms, nzn_wu_jian_contemplation, mainiacjoe_overflow_catwalk,
          minmay_temple_entry_fiery, serial_bayou, serial_bayou_pond_e,
          serial_bayou_pond_b, serial_bayou_shore_a, serial_bayou_pond_a,
          serial_shops, shop_statue, enter_ossuary_5

Skill      XL: |  1  2  3  4  5  6  7 |
---------------+----------------------+-----
Fighting       | 1 2 3 4 5 6 |  6.4
Armour         | 2 3 |  3.6
Spellcasting   | 3 |  3.5
Dodging        | |  2.1
Stealth        | |  1.5

Action                   |  1- 3 |  4- 6 |  7- 9 || total
-------------------------+-------+-------+-------++-------
Melee: Dagger            |    60 |    21 |       ||    81
       Staff             |       |       |     2 ||     2
 Cast: Magic Dart        |    70 |    70 |    48 ||   188
       Call Imp          |    17 |    12 |       ||    29
       Pain              |       |     1 |       ||     1
       Ensorcelled Hiber |       |     6 |       ||     6
       Mephitic Cloud    |       |     1 |     9 ||    10
Invok: Recall Ancestor   |       |     1 |       ||     1
Evoke: Wand              |       |       |     3 ||     3
  Use: Potion            |       |     6 |     2 ||     8
       Scroll            |       |     4 |     1 ||     5
 Stab: Sleeping          |     1 |       |       ||     1
Armor: Robe              |    12 |       |       ||    12
       Leather armour    |       |     7 |     6 ||    13
Dodge: Dodged            |    53 |    23 |    16 ||    92
Block: Other             |       |     5 |     9 ||    14
       Reflection        |       |     3 |     2 ||     5

Table legend: (Time is in decaauts)
 A = Elapsed time spent in this place.
 B = Non-inter-level travel time spent in this place.
 C = Inter-level travel time spent in this place.
 D = Time resting spent in this place.
 E = Time spent auto-exploring this place.
 F = Levels seen in this place.
 G = Mean time per level.
                   A        B        C        D        E       F      G
               +--------+--------+--------+--------+--------+-----+--------+
         Total |   7210 |   7113 |     97 |   2243 |   4046 |   5 | 1442.0 |
       Dungeon |   7210 |   7113 |     97 |   2243 |   4046 |   5 | 1442.0 |
               +--------+--------+--------+--------+--------+-----+--------+

Top non-repeatable levels by time:
     D:3: 2263 daAuts
     D:2: 1886 daAuts
     D:4: 1853 daAuts
     D:1: 918 daAuts
     D:5: 288 daAuts
